 Dungeon Crawl Stone Soup version 0.22-a0-456-g11ed031 (webtiles) character file.

201775 ohad the Executioner (level 18, -8/166 HPs)
             Began as a Hill Orc Berserker on June 7, 2018.
             Was the Champion of Trog.
             Hit by a large rock thrown by Polyphemus (31 damage)
             ... on level 4 of the Shoals.
             The game lasted 01:36:05 (39638 turns).

ohad the Executioner (Hill Orc Berserker)          Turns: 39638, Time: 01:36:06

Health: -8/166     AC: 27    Str: 31    XL:     18   Next: 55%
Magic:  18/18      EV: 23    Int:  7    God:    Trog [******]
Gold:   510        SH:  0    Dex: 26    Spells: 17/17 levels left

rFire    . . .     SeeInvis .   a - +9 executioner's axe (elec)
rCold    . . .     Gourm    .   (shield currently unavailable)
rNeg     . . .     Faith    .   T - +5 scale mail "Wahear" {Str+2 Dex+6}
rPois    +         Spirit   .   U - +0 hat of Fortitude {MR+ Dex+5 Slay+2}
rElec    .         Reflect  .   P - +2 cloak {rPois}
rCorr    .         Harm     .   u - +2 pair of gloves {Str+3}
MR       ++...                  Q - +2 pair of boots
Stlth    +.........             h - amulet of magic regeneration
HPRegen  0.37/turn              L - +2 ring of protection
MPRegen  0.41/turn              n - +3 ring of dexterity

@: studying Maces & Flails
A: no striking features
}: 1/15 runes: serpentine
a: Berserk, Trog's Hand, Brothers in Arms, Renounce Religion


You were on level 4 of the Shoals.
You worshipped Trog.
Trog was exalted by your worship.
You were not hungry.

You visited 5 branches of the dungeon, and saw 31 of its levels.
You also visited: Labyrinth.

You collected 2923 gold pieces.
You spent 2413 gold pieces at shops.

Inventory:

Hand Weapons
 a - a +9 executioner's axe of electrocution (weapon)
 w - a +1 triple sword of holy wrath
 A - a +3 demon trident of electrocution
 N - a +3 morningstar
Missiles
 p - 21 javelins (quivered)
 r - 12 javelins of penetration
 V - 6 silver javelins
 W - 8 poisoned javelins
Armour
 o - a cursed +0 ring mail
 t - a +0 cloak of invisibility
 u - a +2 pair of gloves of strength (worn)
 C - a +1 helmet of see invisible
 P - a +2 cloak of poison resistance (worn)
 Q - a +2 pair of boots (worn)
 T - the +5 scale mail "Wahear" (worn) {Str+2 Dex+6}
   (You bought it in a shop on level 1 of the Orcish Mines)

   It affects your strength (+2).
   It affects your dexterity (+6).
 U - the +0 hat of Fortitude (worn) {MR+ Dex+5 Slay+2}
   (You bought it in a shop on level 5 of the Dungeon)

   It affects your dexterity (+5).
   It affects your accuracy and damage with ranged weapons and melee attacks
   (+2).
   It affects your resistance to hostile enchantments.
Jewellery
 g - an uncursed ring of stealth
 h - an amulet of magic regeneration (around neck)
 n - a +3 ring of dexterity (right hand)
 B - an uncursed ring of protection from magic
 E - an uncursed ring of protection from magic
 I - an uncursed ring of positive energy
 L - a +2 ring of protection (left hand)
 O - an uncursed ring of magical power
 R - an uncursed ring of poison resistance
 Y - an uncursed ring of resist corrosion
Wands
 b - a wand of acid (28)
 k - a wand of random effects (34)
 s - a wand of scattershot (4)
 K - a wand of iceblast (14)
 M - a wand of disintegration (77)
Scrolls
 d - a scroll of magic mapping
 e - 4 scrolls of identify
 f - 15 scrolls of teleportation
 i - 10 scrolls of immolation
 l - 3 scrolls of blinking
 v - 3 scrolls of fog
 x - 17 scrolls of remove curse
 y - 5 scrolls of fear
 F - 5 scrolls of enchant weapon
 X - 5 scrolls of enchant armour
Potions
 j - 4 potions of flight
 m - 2 potions of invisibility
 q - 10 potions of curing
 z - 3 potions of might
 D - 2 potions of haste
 G - 5 potions of agility
 J - 6 potions of heal wounds
 Z - 3 potions of cancellation
Books
 S - a manual of Maces & Flails
Comestibles
 c - 38 rations


   Skills:
 + Level 15.8 Fighting
 - Level 26.1 Axes
 - Level 3.7 Throwing
 + Level 14.2 Armour
 + Level 12.3 Dodging


You had 17 spell levels left.
You didn't know any spells.
Your spell library was empty.

Dungeon Overview and Level Annotations

Branches:
Dungeon (15/15)            Temple (0/1) D:5            Lair (6/6) D:8
 Shoals (4/4) Lair:3        Snake (4/4) Lair:2        Slime (0/5) Lair:5
    Orc (2/2) D:12            Elf (0/3) Orc:2        Vaults (0/5) D:13
 Depths (0/5) D:15

Altars:
Ashenzari
Elyvilon
Gozag
Hepliaklqana
Kikubaaqudgha
Makhleb
Nemelex Xobeh
Okawaru
Qazlal
Sif Muna
Trog
Zin
The Shining One

Shops:
D:5 [   D:7 }   D:10 *   D:11 =   D:13 *!   D:15 *   Orc:1 [   Orc:2 [[}:}
Shoals:1 **(%   Snake:3 =}=   Snake:4 %

Portals:
Hell: Lair:6

Annotations:
D:9 2 runed doors
D:10 2 transporters
Shoals:4 Polyphemus


Message History

You kill the death yak!
Trog accepts your kill.
You completely miss the catoblepas.
The catoblepas breathes a plume of calcifying dust at you.
The blast of calcifying dust hits you!
Polyphemus throws a large rock.
The large rock hits you!!! The catoblepas misses you.
Polyphemus throws a large rock.
The large rock hits you!
You see here a large rock.
You slash the catoblepas!
You kill the catoblepas!
Trog accepts your kill.
A merfolk comes into view. It is wielding a trident.
Polyphemus throws a large rock.
The large rock hits you!!!
* * * LOW HITPOINT WARNING * * *
The merfolk siren chants a haunting song.
You resist with almost no effort.
Unknown command.
Polyphemus throws a large rock.
The large rock hits you!!
You die...

.....≈≈≈≈≈≈≈≈≈≈
.....≈≈≈≈≈≈≈≈≈≈≈
......≈≈≈≈≈≈≈≈≈≈.
.......≈≈≈≈≈.≈≈≈..
.......≈≈≈....≈...
≈≈≈≈..≈≈≈≈........
≈≈≈m≈≈≈≈≈≈<.......
≈≈≈≈≈≈m.≈≈...≈≈...
≈≈≈≈≈≈≈..@...≈≈≈≈.
≈≈≈≈≈≈≈..#....≈≈≈.
≈≈≈≈≈.≈§(......≈≈.
≈≈≈≈P..§..........
≈≈P≈≈PC§..........
≈≈≈≈P.P§..........
.≈≈PP..§..........
..≈≈≈≈.§.........
....≈≈..........


You could see Polyphemus, a merfolk and a merfolk siren.

Vanquished Creatures
  4 krakens (Shoals:2)
  8 nagarajas
  The ghost of TheNamelessOne the Octopoid Aeon, a journeyman OpTm of Cheibriados (Lair:6)
  A minotaur (Lab)
  A dire elephant (Lair:6)
  An ettin (D:15)
  A merfolk impaler (Shoals:2)
  A fire dragon (D:15)
  Josephine (D:10)
  A rakshasa (D:15)
  Erolcha (D:11)
  14 naga warriors
  A vault guard (D:13)
  3 hydras
  A catoblepas (Shoals:4)
  3 merfolk avatars
  3 centaur warriors
  11 two-headed ogres
  An ogre mage (D:15)
  A two-headed ogre (shapeshifter) (D:15)
  9 anacondas
  2 death knights
  4 death yaks (Shoals:4)
  An orc high priest (Orc:1)
  The ghost of ZomBoFoB the Basher, a novice OgGl of the Shining One (D:8)
  Nergalle (D:11)
  11 naga sharpshooters
  Urug (Lair:4)
  6 shock serpents
  A fire crab (Lair:5)
  A sixfirhy (Lair:6)
  A salamander mystic (Snake:4)
  12 skeletal warriors
  12 sea snakes
  2 unseen horrors
  4 naga ritualists
  A wizard (Lair:6)
  A deep elf archer (D:15)
  5 harpies (Shoals:2)
  A lindwurm (Lair:5)
  6 mana vipers
  6 ugly things
  8 fauns
  4 orc knights
  An orc sorcerer (D:15)
  14 salamanders
  A wolf spider zombie (D:14)
  5 cyclopes
  8 manticores
  9 slime creatures
  Maurice (D:13)
  A deep elf mage (D:13)
  4 water nymphs
  4 centaur zombies
  9 merfolk sirens
  24 black mambas
  8 guardian serpents
  12 elephants
  2 gargoyles
  18 naga magi
  An orange demon (Lair:6)
  16 spiny frogs
  A rime drake (shapeshifter) (D:13)
  2 rime drakes (Lair:6)
  An efreet (D:14)
  4 freezing wraiths
  A yaktaur (D:15)
  A hellwing (Lair:6)
  2 red devils (Lair:6)
  2 ice devils (Lair:6)
  11 komodo dragons
  10 merfolk
  7 trolls
  A polar bear (Lair:3)
  A tengu conjurer (D:15)
  2 wind drakes (Shoals:3)
  A hornet (D:12)
  7 blink frogs (Lair:6)
  The ghost of KristoblXynda the Conjurer, an amateur DrCj (D:4)
  A meliai zombie (D:8)
  A snapping turtle (Shoals:2)
  A dream sheep (Lair:6)
  9 hippogriffs
  3 shadows
  A spriggan (Lair:2)
  5 wyverns
  5 basilisks
  3 water elementals
  6 wraiths
  54 yaks
  2 hogs (D:7)
  Grum (D:11)
  A hog (shapeshifter) (D:13)
  A human (D:7)
  A vampire mosquito (D:15)
  2 hungry ghosts
  A steam dragon (D:10)
  Menkaure (D:4)
  2 acid dragons
  4 wargs (D:12)
  64 nagas
  A soldier ant (D:13)
  5 hell hounds (Lair:6)
  3 porcupines
  12 water moccasins
  2 ice beasts
  31 orc warriors
  5 sky beasts
  3 phantoms
  An eye of draining (D:12)
  A black bear (D:10)
  3 necrophages
  13 centaurs
  7 ogres
  10 wolves
  17 crocodiles
  4 big kobolds
  24 bullfrogs
  A wyvern skeleton (D:14)
  6 scorpions
  20 killer bees
  13 wights
  3 howler monkeys
  8 crimson imps
  2 bullfrog zombies
  11 orc priests
  4 centaur skeletons
  5 hounds
  3 jellies
  16 orc wizards
  5 bullfrog skeletons
  5 iguanas
  Natasha (D:3)
  6 hell rats (Lair:4)
  10 worker ants
  A killer bee zombie (D:9)
  A howler monkey zombie (D:11)
  5 gnolls
  8 adders
  4 shadow imps
  2 oozes (D:2)
  An adder skeleton (D:4)
  4 adder zombies
  2 worms (D:4)
  2 dart slugs
  2 leopard geckos
  70 orcs
  A ball python (D:5)
  10 bats
  5 giant cockroaches
  10 goblins
  7 hobgoblins
  8 jackals
  7 quokkas
  6 frilled lizards
  23 kobolds
  A leopard gecko zombie (D:9)
  A quokka skeleton (D:9)
  2 rats
  A fungus (Lair:3)
  3 plants (Shoals:3)
  15 tentacles (Shoals:2)
985 creatures vanquished.

Vanquished Creatures (collateral kills)
  Rupert (Lair:4)
  A spiny frog (Lair:4)
  A komodo dragon (Lair:4)
  A yak (Lair:4)
4 creatures vanquished.

Vanquished Creatures (others)
  A guardian serpent (Snake:4)
  A naga (Snake:3)
  6 fungi (Lair:6)
  4 plants
  15 tentacles (Shoals:2)
27 creatures vanquished.

Grand Total: 1016 creatures vanquished

Notes
Turn   | Place    | Note
-------+----------+-------------------------------------------
     0 | D:1      | ohad the Hill Orc Berserker began the quest for the Orb.
     0 | D:1      | Reached XP level 1. HP: 19/19 MP: 1/1
   263 | D:1      | Reached XP level 2. HP: 23/26 MP: 2/2
   433 | D:1      | Reached skill level 5 in Axes
  1001 | D:2      | Reached XP level 3. HP: 21/31 MP: 3/3
  1213 | D:2      | Reached ** piety under Trog
  1254 | D:2      | Reached skill level 6 in Axes
  1309 | D:2      | Found a burning altar of Makhleb.
  1574 | D:3      | Reached XP level 4. HP: 37/39 MP: 4/4
  2101 | D:3      | Reached skill level 7 in Axes
  2213 | D:3      | Noticed Natasha
  2222 | D:3      | Killed Natasha
  2222 | D:3      | Reached XP level 5. HP: 45/45 MP: 5/5
  2635 | D:4      | Noticed KristoblXynda's ghost (amateur DrCj)
  2651 | D:4      | Killed KristoblXynda's ghost
  2651 | D:4      | Reached skill level 9 in Axes
  2651 | D:4      | Reached XP level 6. HP: 40/51 MP: 6/6
  3123 | D:4      | Noticed Menkaure
  3140 | D:4      | Killed Menkaure
  3140 | D:4      | Reached skill level 10 in Axes
  3140 | D:4      | Reached XP level 7. HP: 57/57 MP: 7/7
  3525 | D:4      | Found an iron altar of Okawaru.
  3545 | D:4      | Reached *** piety under Trog
  3624 | D:4      | Found a deep blue altar of Sif Muna.
  3850 | D:5      | Entered Level 5 of the Dungeon
  3920 | D:5      | Reached skill level 11 in Axes
  4217 | D:5      | Reached XP level 8. HP: 36/64 MP: 8/8
  4230 | D:5      | Reached skill level 12 in Axes
  4522 | D:5      | Found Kexaig's Antique Armour Boutique.
  4530 | D:5      | Bought a bloodstained helmet for 171 gold pieces
  4535 | D:5      | Identified the +2 helmet "Seoluogg" {*Corrode rF+++ SInv} (You bought it in a shop on level 5 of the Dungeon)
  4687 | D:5      | Reached skill level 13 in Axes
  4780 | D:5      | Found a staircase to the Ecumenical Temple.
  5229 | D:6      | Reached skill level 14 in Axes
  5425 | D:6      | Found a glowing golden altar of the Shining One.
  6023 | D:7      | Found a bloodstained altar of Trog.
  6023 | D:7      | Found an opulent altar of Gozag.
  6023 | D:7      | Found a white marble altar of Elyvilon.
  6023 | D:7      | Found an ancient bone altar of Kikubaaqudgha.
  6035 | D:6      | Reached XP level 9. HP: 38/70 MP: 9/9
  6393 | D:6      | HP: 3/70 [poisoned by a killer bee]
  6395 | D:6      | HP: 1/70 [poisoned by a killer bee]
  6670 | D:7      | Found a glowing silver altar of Zin.
  6670 | D:7      | Found a stormy altar of Qazlal.
  7449 | D:7      | Reached **** piety under Trog
  7458 | D:7      | Reached skill level 5 in Fighting
  7458 | D:7      | Reached skill level 5 in Armour
  7749 | D:7      | Found a glowing golden altar of the Shining One.
  7826 | D:7      | Reached XP level 10. HP: 83/83 MP: 10/10
  7933 | D:7      | Found Xiulup's Gadget Emporium.
  8157 | D:5      | Bought an encrusted hat for 162 gold pieces
  8162 | D:5      | Identified the cursed +0 hat of Fortitude {MR+ Dex+5 Slay+2} (You bought it in a shop on level 5 of the Dungeon)
  8275 | D:8      | Found a hazy altar of Hepliaklqana.
  8762 | D:8      | Noticed ZomBoFoB's ghost (novice OgGl)
  8778 | D:8      | Killed ZomBoFoB's ghost
  8820 | D:8      | Noticed a two-headed ogre
  8855 | D:8      | Killed a two-headed ogre
  9239 | D:8      | Found a staircase to the Lair.
  9654 | D:9      | Reached skill level 15 in Axes
  9660 | D:9      | Reached ***** piety under Trog
  9662 | D:9      | Received a gift from Trog
  9719 | D:9      | Reached XP level 11. HP: 94/94 MP: 11/11
  9846 | D:9      | Reached skill level 1 in Throwing
 10226 | D:9      | Received a gift from Trog
 10436 | D:9      | Found a runed door.
 10438 | D:9      | Noticed an ice dragon
 10439 | D:9      | Noticed a fire dragon
 10440 | D:9      | Found the +2 shield of Resistance {rF+ rC+ MR+}
 10442 | D:9      | Noticed an ice dragon
 10443 | D:9      | Noticed a fire dragon
 10502 | D:9      | Found a runed door.
 10753 | D:9      | Received a gift from Trog
 10831 | D:10     | Entered Level 10 of the Dungeon
 10831 | D:10     | Noticed Josephine
 10845 | D:9      | Reached skill level 16 in Axes
 12101 | D:10     | Killed an unseen horror
 12345 | D:10     | Reached skill level 17 in Axes
 12415 | D:10     | Found a transporter.
 12435 | D:10     | Killed Josephine
 12790 | D:10     | Found Upsioc Quzxo's Assorted Antiques.
 12854 | D:10     | Found a transporter.
 12855 | D:10     | Noticed a fire crab
 12942 | D:11     | Noticed a two-headed ogre
 12952 | D:11     | Killed a two-headed ogre
 12991 | D:11     | Found a shattered altar of Ashenzari.
 13172 | D:11     | Got a faintly humming ring mail
 13207 | D:11     | Found Raesuowk's Jewellery Boutique.
 13364 | D:11     | Noticed Grum
 13376 | D:11     | Killed Grum
 13432 | D:11     | Reached skill level 18 in Axes
 13514 | D:11     | Noticed Erolcha
 13521 | D:11     | Killed Erolcha
 13521 | D:11     | Reached skill level 5 in Dodging
 13521 | D:11     | Reached XP level 12. HP: 78/102 MP: 12/12
 13589 | D:11     | Noticed Nergalle
 13603 | D:11     | Killed Nergalle
 13984 | D:11     | Identified the +3 ring mail of Past Mistakes {*Contam +Blink Str+6} (You found it on level 11 of the Dungeon)
 14310 | Lair:1   | Entered Level 1 of the Lair of Beasts
 14479 | Lair:1   | Received a gift from Trog
 15192 | Lair:1   | Reached skill level 10 in Fighting
 15195 | Lair:1   | Received a gift from Trog
 15256 | Lair:1   | Noticed a seven-headed hydra
 15265 | Lair:1   | Killed a seven-headed hydra
 15838 | Lair:2   | Found a staircase to the Snake Pit.
 16714 | Lair:3   | Reached skill level 10 in Armour
 17090 | Lair:3   | Reached XP level 13. HP: 114/114 MP: 13/13
 17105 | Lair:3   | Reached ****** piety under Trog
 17224 | Lair:3   | Received a gift from Trog
 17682 | Lair:3   | Found a staircase to the Shoals.
 18389 | Lair:4   | Noticed Urug
 18403 | Lair:4   | Killed Urug
 18604 | Lair:4   | Noticed Rupert
 18619 | Lair:4   | Killed Rupert
 20146 | Lair:5   | Found a labyrinth entrance.
 20171 | Lab      | Entered a labyrinth
 20348 | Lab      | Noticed a minotaur
 20357 | Lab      | Killed a minotaur
 20725 | Lair:5   | Found a staircase to the Slime Pits.
 21119 | Lair:6   | Entered Level 6 of the Lair of Beasts
 21129 | Lair:6   | Reached XP level 14. HP: 129/129 MP: 14/14
 21197 | Lair:6   | Noticed a dire elephant
 21211 | Lair:6   | Killed a dire elephant
 21213 | Lair:6   | Received a gift from Trog
 21611 | Lair:6   | Found a burning altar of Makhleb.
 21936 | Lair:6   | Noticed TheNamelessOne's ghost (journeyman OpTm)
 21948 | Lair:6   | Killed TheNamelessOne's ghost
 22092 | Lair:6   | Reached skill level 10 in Dodging
 22624 | Lair:6   | Found a gateway to Hell.
 22863 | D:12     | Found a staircase to the Orcish Mines.
 22873 | D:12     | Received a gift from Trog
 23847 | D:12     | Received a gift from Trog
 24028 | Orc:1    | Entered Level 1 of the Orcish Mines
 24120 | Orc:1    | Received a gift from Trog
 24375 | Orc:2    | Entered Level 2 of the Orcish Mines
 24377 | Orc:2    | Found a staircase to the Elven Halls.
 24528 | Orc:2    | Found Sead Woil's Gadget Emporium.
 24738 | Orc:2    | Reached XP level 15. HP: 136/136 MP: 15/15
 24738 | Orc:2    | Received a gift from Trog
 25155 | Orc:1    | Found Giruin's Armour Shop.
 25163 | Orc:1    | Bought the +5 scale mail "Wahear" {Str+2 Dex+6} for 580 gold pieces
 25376 | Orc:2    | Received a gift from Trog
 25651 | Orc:2    | Found Ril Ruhi's Gadget Emporium.
 25651 | Orc:2    | Found Wuseluergh's Armour Boutique.
 25653 | Orc:2    | Found Etetaap's Armour Shop.
 25655 | Orc:2    | Found Zitzukau's Book Shoppe.
 25662 | Orc:2    | Bought a +2 cloak of poison resistance for 240 gold pieces
 25856 | D:13     | Found Dagobamp's Assorted Antiques.
 25862 | D:13     | Bought a scroll of identify for 74 gold pieces
 25862 | D:13     | Bought a scroll of identify for 74 gold pieces
 25862 | D:13     | Bought a scroll of fear for 129 gold pieces
 25862 | D:13     | Bought 2 potions of curing for 222 gold pieces
 25862 | D:13     | Bought a pair of embroidered boots for 277 gold pieces
 25946 | D:13     | Found a gate to the Vaults.
 26042 | D:13     | Found Liawk's Distillery.
 26050 | D:13     | Bought a potion of heal wounds for 70 gold pieces
 26050 | D:13     | Bought a potion of heal wounds for 70 gold pieces
 26050 | D:13     | Bought a potion of agility for 56 gold pieces
 26223 | D:13     | Noticed Maurice
 26225 | D:13     | Killed Maurice
 26710 | D:14     | Reached skill level 19 in Axes
 27577 | D:15     | Entered Level 15 of the Dungeon
 27616 | D:15     | Reached skill level 20 in Axes
 27645 | D:15     | Received a gift from Trog
 28257 | D:15     | Found a staircase to the Depths.
 28607 | D:15     | Reached skill level 21 in Axes
 28938 | D:15     | Reached XP level 16. HP: 144/144 MP: 16/16
 29210 | D:15     | Found Totadech's Assorted Antiques.
 29218 | D:15     | Bought a potion of agility for 116 gold pieces
 29659 | Snake:1  | Entered Level 1 of the Snake Pit
 29873 | Snake:1  | Reached skill level 22 in Axes
 29881 | Snake:1  | Received a gift from Trog
 30117 | Snake:1  | Found a sparkling altar of Nemelex Xobeh.
 30708 | Snake:2  | Noticed a nagaraja
 30716 | Snake:2  | Killed a nagaraja
 30941 | Snake:2  | Received a gift from Trog
 31291 | Snake:2  | Reached skill level 23 in Axes
 31980 | Snake:3  | Found Ydun's Gadget Emporium.
 31981 | Snake:3  | Found Pyci Pen's Jewellery Boutique.
 31981 | Snake:3  | Found Hezij's Jewellery Boutique.
 32802 | Snake:3  | Reached skill level 24 in Axes
 33006 | Snake:3  | Reached XP level 17. HP: 133/150 MP: 13/17
 33165 | Snake:4  | Entered Level 4 of the Snake Pit
 33872 | Snake:4  | Received a gift from Trog
 33872 | Snake:4  | Reached skill level 25 in Axes
 34765 | Snake:4  | Reached skill level 26 in Axes
 34919 | Snake:4  | Got a serpentine rune of Zot
 35718 | Snake:4  | Received a gift from Trog
 35818 | Snake:4  | Found Zetiopt's Food Emporium.
 36565 | Shoals:1 | Entered Level 1 of the Shoals
 36639 | Shoals:1 | Reached XP level 18. HP: 140/161 MP: 18/18
 36735 | Shoals:1 | Found Secamid's Assorted Antiques.
 36995 | Shoals:1 | Found Jifoa's Antique Weapon Boutique.
 37000 | Shoals:1 | Found Cebass's Food Shoppe.
 37023 | Shoals:1 | Found Toraam's Assorted Antiques.
 37039 | Shoals:1 | Bought a scroll of enchant armour for 172 gold pieces
 38093 | Shoals:2 | Reached skill level 15 in Fighting
 38838 | Shoals:3 | Received a gift from Trog
 39621 | Shoals:4 | Entered Level 4 of the Shoals
 39625 | Shoals:4 | Noticed Polyphemus
 39638 | Shoals:4 | Hit by a large rock thrown by Polyphemus

Vault maps used:
D:1:      ebering_trefoil_3fold, bh_walls_and_bars
D:2:      lemuel_doored_altar, hangedman_decor_growths
D:3:      kennysheep_potato, uniq_natasha
D:4:      nicolae_overflow_hidden_temple, okawaru_altar_gauntlet_db,
          uniq_menkaure
D:5:      minmay_temple_entry_butterflies, first_ration, serial_shops, shop
D:6:      tso_altar, minmay_crystal_room
D:7:      grunt_temple_overflow_open, serial_shops, nicolae_shop_behind_doors,
          basic_altar, grunt_livestock, kennysheep_generic_room_12
D:8:      old_standard_altar, lair_entry_dummy, hex_large
D:9:      minmay_guarded_unrand_resistance
D:10:     gammafunk_cloud_chamber, serial_shops, kennysheep_little_box,
          uniq_josephine
D:11:     serial_shops, shop_fountains, evilmike_ruin_ashenzari, uniq_erolcha,
          uniq_nergalle, uniq_grum
D:12:     minmay_orc_entry_guard_dogs, minmay_misc_feat_tiny, st_stairs_8
D:13:     david_vaults_5, serial_shops, nicolae_shop_waterfront,
          nicolae_shop_temple_entry_statues_fountains, uniq_maurice
D:14:     enter_bailey_3, fountainhead
D:15:     hangedman_depths_entry_civil_slaughter, serial_shops,
          nicolae_shop_stone, serial_park_square3
Lair:2:   dummy_snake_entry, roderic_batcave, grunt_forest_large_clearing_hut
Lair:3:   elwin_shoals_entry_rooms, lemuel_fruit_tree
Lair:4:   portal_ice_cave_entry_pillars_1, grunt_megastairs_5, uniq_rupert,
          uniq_urug
Lair:5:   slime_dummy, lab_entry_generic
Lair:6:   evil_forest, grunt_megastairs_3
Shoals:1: serial_shops, shop, shop, nicolae_shop_waterfront,
          nicolae_shop_window_shopping, nicolae_shoals_so_close
Shoals:2: nicolae_shoals_kraken_party
Shoals:4: shoals_end_grunt_ice, shoal_ilsuiw, nicolae_shoals_this_corrosion,
          uniq_polyphemus, uniq_nikola
Snake:1:  basic_altar
Snake:3:  minmay_shop_grove
Snake:4:  grunt_snake_rune_pools, serial_shops, shop
Orc:1:    serial_shops, shop
Orc:2:    st_orc_rangers, serial_shops, nicolae_shop_stone
Lab:      labyrinth_mini_lab, nicolae_lab_quarters, labyrinth_skeletal_remains,
          nicolae_lab_grate, labyrinth_lava_lair, nicolae_lab_hexagon,
          nicolae_lab_dead_end

Skill      XL: |  1  2  3  4  5  6  7  8  9 10 11 12 13 14 15 16 17 18 |
---------------+-------------------------------------------------------+-----
Axes           | 5 6 7 9 10 11 14 15 18 21 24 26 | 26.1
Fighting       | 5 8 10 13 14 15 | 15.8
Armour         | 6 8 10 12 13 14 | 14.2
Dodging        | 3 4 5 6 7 11 12 | 12.3
Throwing       | 3 |  3.7

Action                   |  1- 3 |  4- 6 |  7- 9 | 10-12 | 13-15 | 16-18 || total
-------------------------+-------+-------+-------+-------+-------+-------++-------
Melee: Hand axe          |    97 |   135 |   420 |       |       |       ||   652
       Battleaxe         |       |       |    75 |   532 |   676 |       ||  1283
       Morningstar       |       |       |       |     5 |     4 |       ||     9
       Executioner's axe |       |       |       |       |   243 |   701 ||   944
       Demon trident     |       |       |       |       |     7 |       ||     7
Throw: Javelin           |       |       |       |     3 |     6 |     6 ||    15
Invok: Berserk           |       |     3 |     4 |     6 |     5 |     3 ||    21
       Trog's Hand       |       |       |     2 |       |     1 |     2 ||     5
       Brothers in Arms  |       |       |       |       |     1 |       ||     1
  Use: Scroll            |       |     6 |     3 |    10 |    11 |     4 ||    34
       Potion            |       |       |     1 |     1 |     3 |     2 ||     7
 Stab: Distracted        |       |       |       |       |       |     1 ||     1
  Eat: Chunk             |     2 |     5 |     9 |    25 |    40 |    11 ||    92
       Ration            |       |     1 |     3 |     3 |     1 |     8 ||    16
Armor: Animal skin       |     8 |       |       |       |       |       ||     8
       Scale mail        |    31 |    17 |       |   162 |    96 |   320 ||   626
       Chain mail        |       |    43 |   175 |     4 |       |       ||   222
       Plate armour      |       |       |       |   116 |   350 |       ||   466
Dodge: Dodged            |    75 |    57 |   132 |   430 |   722 |   762 ||  2178

Table legend:
 A = Spawn XP
 B = Non-spawn XP
 C = Spawn XP percentage of total XP
 D = Spawn monster count
 E = Non-spawn monster count
 F = Spawn count percentage of total count
 G = Total turns spent on level
                    A         B        C        D         E        F      G
               +---------+---------+-------+---------+---------+-------+---------
         Total |       0 |  284438 |   0.0 |       0 |     970 |   0.0 | 39638
               +---------+---------+-------+---------+---------+-------+---------
           D:1 |       0 |      30 |   0.0 |       0 |      15 |   0.0 |   910
           D:2 |       0 |      44 |   0.0 |       0 |      13 |   0.0 |   634
           D:3 |       0 |     115 |   0.0 |       0 |      24 |   0.0 |  1091
           D:4 |       0 |     619 |   0.0 |       0 |      21 |   0.0 |  1215
           D:5 |       0 |    1081 |   0.0 |       0 |      20 |   0.0 |  1157
           D:6 |       0 |     693 |   0.0 |       0 |      12 |   0.0 |  2016
           D:7 |       0 |    2178 |   0.0 |       0 |      31 |   0.0 |  1217
           D:8 |       0 |    4865 |   0.0 |       0 |      45 |   0.0 |  1828
           D:9 |       0 |    3634 |   0.0 |       0 |      52 |   0.0 |  2691
          D:10 |       0 |    4115 |   0.0 |       0 |      28 |   0.0 |   718
          D:11 |       0 |    3649 |   0.0 |       0 |      17 |   0.0 |  1630
          D:12 |       0 |    6290 |   0.0 |       0 |      41 |   0.0 |   967
          D:13 |       0 |    5868 |   0.0 |       0 |      19 |   0.0 |   672
          D:14 |       0 |   12777 |   0.0 |       0 |      37 |   0.0 |  1147
          D:15 |       0 |   30095 |   0.0 |       0 |      51 |   0.0 |  1897
        Lair:1 |       0 |    5276 |   0.0 |       0 |      25 |   0.0 |  1040
        Lair:2 |       0 |    2968 |   0.0 |       0 |      17 |   0.0 |  1319
        Lair:3 |       0 |    8043 |   0.0 |       0 |      30 |   0.0 |  1174
        Lair:4 |       0 |    8844 |   0.0 |       0 |      33 |   0.0 |  2078
        Lair:5 |       0 |    5844 |   0.0 |       0 |      20 |   0.0 |   782
        Lair:6 |       0 |   21383 |   0.0 |       0 |      68 |   0.0 |  1569
      Shoals:1 |       0 |    6046 |   0.0 |       0 |      14 |   0.0 |   750
      Shoals:2 |       0 |   20616 |   0.0 |       0 |      27 |   0.0 |  1460
      Shoals:3 |       0 |   10706 |   0.0 |       0 |      21 |   0.0 |   846
      Shoals:4 |       0 |    4426 |   0.0 |       0 |       5 |   0.0 |    17
       Snake:1 |       0 |    8110 |   0.0 |       0 |      21 |   0.0 |  1085
       Snake:2 |       0 |   13833 |   0.0 |       0 |      26 |   0.0 |  1013
       Snake:3 |       0 |   21996 |   0.0 |       0 |      39 |   0.0 |  1919
       Snake:4 |       0 |   59011 |   0.0 |       0 |     106 |   0.0 |  2798
         Orc:1 |       0 |    2884 |   0.0 |       0 |      27 |   0.0 |   787
         Orc:2 |       0 |    6421 |   0.0 |       0 |      60 |   0.0 |  1002
           Lab |       0 |    1978 |   0.0 |       0 |       5 |   0.0 |   209
               +---------+---------+-------+---------+---------+-------+---------
